[Event "FIDE WSCC 65 2022"]
[Site "Assisi"]
[Date "2022.11.23"]
[Round "8.9"]
[White "Renman, Nils-Gustaf"]
[Black "Pomes Marcet, Joan"]
[Result "1/2-1/2"]
[ECO "D12"]
[WhiteElo "2320"]
[BlackElo "2197"]
[Annotator "TA"]
[PlyCount "102"]
[EventDate "2022.11.14"]
[EventType "swiss"]
[EventCountry "ITA"]
[SourceTitle "playchess.com"]
[Source "ChessBase"]
[SourceQuality "1"]
[TimeControl "40/5400+30:1800+30"]

1. d4 d5 2. c4 c6 3. Nf3 Nf6 4. e3 Bf5 5. Nc3 e6 6. Nh4 Be4 7. f3 Bg6 {[%emt 0:00:06] D12: Slav Defence: 3 Nf3 Nf6 4 e3 Bf5.} 8. g3 Nbd7 9. Kf2 Be7 10. Nxg6 hxg6 {[%emt 0:00:15] [#]} 11. cxd5 $146 ({Predecessor:} 11. Kg2 a6 12. b3 c5 13. cxd5 Nxd5 14. Nxd5 exd5 15. h4 Rc8 16. Be2 Bf6 17. Bb2 {1-0 (47) Duda,J (2731)-Nyzhnyk,I (2687) Chess.com INT 2022}) 11... exd5 12. e4 (12. Kg2 {is more complex.} Nf8 13. e4 Ne6 14. e5) 12... Nb6 (12... dxe4 $11 13. fxe4 Qb6) 13. e5 $14 Nfd7 14. Bd3 Nf8 15. Be3 Ne6 16. Rc1 Kf8 17. Ne2 Qd7 18. h4 Rc8 19. Kg2 c5 20. dxc5 Bxc5 21. Bxc5+ Rxc5 22. Qd2 Qe7 (22... Rxc1 $16 23. Rxc1 g5) 23. Rxc5 $18 Nxc5 {[%emt 0:00:17] Pair of Knights!} 24. f4 f5 (24... g5 {was called for.}) 25. exf6 $2 (25. Rc1 $18) 25... gxf6 $14 26. Nd4 ({Don't play} 26. Bxg6 Nc4 27. Qe1 (27. Qxd5 $2 {too greedy.} Ne3+ 28. Kf2 Nxd5 $19) 27... f5 $15) 26... Nxd3 (26... Nc4 {is interesting.} 27. Qc3 Ne4 28. Qc1 Ncd6) 27. Qxd3 Kf7 28. f5 Qe4+ $1 29. Qxe4 dxe4 $16 {[%emt 0:00:05][%mdl 4096] Endgame KRN-KRN} 30. Rc1 (30. Re1 $14) 30... gxf5 (30... Rd8 $1 $11 31. Rc7+ Kg8) 31. Rc7+ (31. Nxf5 $16 Ke6 32. g4) 31... Kg6 $11 32. Ne6 Rb8 (32... Nd5 $11 33. Rg7+ Kh6 34. Rxb7 Rc8) 33. Nf4+ $14 Kh6 34. Rc5 {[%emt 0:00:11] White is much more active.} (34. Rf7 $5 ) 34... Rd8 {[%emt 0:00:35] The position is equal.} 35. Rxf5 Rd2+ 36. Kh3 Nd7 37. Rd5 e3 {[%emt 0:00:18] [#] Threatens to win with ...Rxd5.} 38. Rd3 Ne5 39. Rxe3 Rxb2 40. Nd5 Kg6 41. a3 Rd2 42. Ne7+ Kh5 {[%emt 0:00:00] [#] ( -> ...Ng4)} 43. Nf5 Rf2 44. g4+ Kg6 $1 45. Nd6 Rf4 46. Rg3 b6 47. Nc8 Ra4 48. Nd6 Rd4 49. Nb5 Ra4 50. Nd6 Rd4 51. Nb5 Ra4 {[%emt 0:00:00] Weighted Error Value: White=0.17 (very precise) /Black=0.22 (precise)} 1/2-1/2

[Event "FIDE WSCC 65 2022"]
[Site "Assisi"]
[Date "2022.11.23"]
[Round "8.10"]
[White "Roos, Louis"]
[Black "Peretz, Malkiel"]
[Result "1-0"]
[ECO "D41"]
[WhiteElo "2293"]
[BlackElo "2142"]
[Annotator "TA"]
[PlyCount "125"]
[EventDate "2022.11.14"]
[EventType "swiss"]
[EventCountry "ITA"]
[SourceTitle "playchess.com"]
[Source "ChessBase"]
[SourceQuality "1"]
[TimeControl "40/5400+30:1800+30"]

1. c4 Nf6 2. Nc3 e6 3. Nf3 d5 4. d4 c5 5. cxd5 cxd4 6. Qxd4 exd5 7. e4 Nc6 {[%emt 0:08:13] 7...dxe4 might become the main line.} 8. Bb5 {[%emt 0:00:55][%cal Re4d5] D41: Queen's Gambit Declined: Semi-Tarrasch with 5 cxd5.} dxe4 9. Qxd8+ Kxd8 10. Ng5 {[%emt 0:03:01][%csl LRe4,LRf7] The position is equal.} Be6 11. Nxe6+ ({Of course not} 11. Ngxe4 Nxe4 12. Nxe4 Bb4+ 13. Nc3 Ke7 $11) 11... fxe6 12. Bxc6 bxc6 13. Bg5 Kc7 14. O-O-O Be7 15. Rhe1 {[%emt 0:05:22] [#]} Rad8 $146 ({Predecessor:} 15... Bb4 16. Bxf6 gxf6 17. Rxe4 Bxc3 18. bxc3 e5 19. f4 Rae8 20. Ra4 exf4 21. Rxf4 Re2 {1-0 (46) Hoi,C (2407)-Rendboe,J (2243) Copenhagen 2001}) 16. Rxd8 Rxd8 17. Nxe4 Rd5 18. Bf4+ Kd7 19. Nc3 Rf5 20. Be3 a6 21. f3 Nd5 22. Bd4 Bb4 23. Rd1 Bxc3 24. Bxc3 $11 {[%emt 0:01:10][%mdl 4096] Endgame KRB-KRN} Ke7 25. Rd4 g6 (25... Nxc3 $11 26. bxc3 Ra5) 26. Bd2 $14 Nb6 27. b3 c5 28. Re4 Kd6 29. Ba5 (29. Kc2 $14) 29... Nd5 $11 30. Be1 Nb6 {[%emt 0:01:10] Prevents Ra4.} (30... Nf4 $11) 31. Bg3+ Kd7 32. Bf2 Rd5 (32... Nd5 $1 $11 {remains equal.}) 33. Kc2 $16 Kd6 34. Bg3+ Kd7 35. a3 Rf5 36. Bf2 Kd6 37. Rg4 Kc6 38. Re4 e5 (38... Kd6 $1 $11) 39. Bg3 Kd5 40. Bf2 Rf4 41. Re2 Nd7 42. Kc3 a5 43. Rd2+ Kc6 $1 44. Be3 Rf7 45. Kd3 Nf6 46. Kc4 Nd7 47. Rc2 Rf8 48. Kd3 Rb8 {[%emt 0:00:00] Against b4} 49. Rc3 Kd5 50. Kc2 Rb7 (50... a4 $1 $11 {keeps the balance.}) 51. Rc4 Kc6 52. Ra4 {[%emt 0:00:00] White is more active.} Rb5 (52... Ra7 $16) 53. Bd2 $18 Kb6 (53... Nf8 $142) 54. Rh4 {[%emt 0:00:09] [#] a4 is the strong threat.} Nf8 $2 (54... Kc6 55. a4 (55. Rxh7 Nf8 $18) 55... Rb6 56. Rxh7 (56. Bxa5 Ra6 $18) 56... Nf8) 55. a4 {[%emt 0:00:23] White is clearly winning.} Rb4 56. Bxb4 cxb4 {[%emt 0:00:00] KR-KN} 57. Kd3 Kc5 58. Rc4+ Kd5 59. Rc8 Ne6 60. Ra8 Nf4+ 61. Kd2 Nxg2 62. Rxa5+ Kd4 63. Rb5 {[%emt 0:06:21] Weighted Error Value: White=0.11 (very precise) /Black=0.22 (precise)} 1-0

[Event "FIDE WSCC 65 2022"]
[Site "Assisi"]
[Date "2022.11.23"]
[Round "8.11"]
[White "Chapman, Terry P D"]
[Black "Lanc, Alois"]
[Result "1/2-1/2"]
[ECO "A41"]
[WhiteElo "2216"]
[BlackElo "2268"]
[Annotator "TA"]
[PlyCount "80"]
[EventDate "2022.11.14"]
[EventType "swiss"]
[EventCountry "ITA"]
[SourceTitle "playchess.com"]
[Source "ChessBase"]
[SourceQuality "1"]
[TimeControl "40/5400+30:1800+30"]

1. d4 g6 2. Nf3 Bg7 3. c4 d6 4. g3 e5 5. dxe5 dxe5 6. Qxd8+ Kxd8 7. Bg2 h6 {[%emt 0:03:25] A41: 1 d4 d6: Tartakower System and Modern Defence.} 8. Nc3 Nc6 9. O-O Be6 {[%emt 0:02:05] [#] White is slightly better.} 10. Rd1+ $146 ({Predecessor:} 10. Nd5 Nce7 11. Rd1 Kc8 12. Nd2 c6 13. Nxe7+ Nxe7 14. Ne4 b6 15. b3 Nf5 16. Ba3 {½-½ (50) Hartl,D (2233)-Fahrner,K (2314) Austria 2011}) 10... Kc8 11. Nd2 Nge7 12. b3 e4 13. Bb2 ({But not} 13. Ndxe4 f5 14. Bh3 Nd8 $15) 13... f5 14. Na4 (14. Rab1 $5 ) 14... Bxb2 15. Nxb2 Rd8 16. Nf1 Ne5 ({Black should play} 16... b6 $11) 17. f3 $14 exf3 18. exf3 N7c6 19. f4 Ng4 20. Bxc6 bxc6 21. Nd3 a5 22. Nc5 {[%emt 0:08:56] Prevents a4.} Bg8 23. Re1 {[%emt 0:09:02] Prevents a4.} (23. Rxd8+ $142 Kxd8 24. Nd2) 23... a4 $16 24. Rad1 ({Much weaker is} 24. bxa4 Bxc4 25. Re7 Ra5 $11) 24... Rxd1 25. Rxd1 axb3 26. axb3 {[%emt 0:00:06] Strongly threatening Rd7.} Ra5 27. Rd8+ Kxd8 28. Nb7+ Kd7 29. Nxa5 $11 {[%emt 0:00:01][%mdl 4096] Endgame KBN-KNN} g5 30. h3 (30. b4 $14) 30... Nf6 {[%emt 0:00:17] The position is equal.} 31. fxg5 hxg5 32. Nd2 Kd6 33. b4 Nd7 34. Kf2 c5 35. b5 Ke5 36. Nc6+ Kd6 37. Ke3 Nb6 38. Na5 Ke5 39. Nc6+ Kd6 40. Na5 Ke5 {[%emt 0:02:31] Weighted Error Value: White=0.09 (flawless) /Black=0.08 (flawless)} 1/2-1/2

[Event "FIDE WSCC 65 2022"]
[Site "Assisi"]
[Date "2022.11.23"]
[Round "8.12"]
[White "Hutchinson, Paul A"]
[Black "Kierzek, Matthias"]
[Result "1-0"]
[ECO "D02"]
[WhiteElo "2148"]
[BlackElo "2237"]
[Annotator "TA"]
[PlyCount "119"]
[EventDate "2022.11.14"]
[EventType "swiss"]
[EventCountry "ITA"]
[SourceTitle "playchess.com"]
[Source "ChessBase"]
[SourceQuality "1"]
[TimeControl "40/5400+30:1800+30"]

1. d4 d5 2. Bf4 Nf6 3. e3 c5 4. Nf3 Nc6 5. Nbd2 Nh5 6. Bg3 {[%emt 0:00:00] D02: 1 d4 d5 2 Nf3 sidelines, including 2...Nf6 3 g3 and 2...Nf6 3 Bf4.} (6. dxc5 $11 Nxf4 7. exf4) 6... Nxg3 $15 7. hxg3 cxd4 8. exd4 {[%emt 0:00:00] Black is slightly better.} e6 9. c3 Bd6 10. Bd3 h6 11. Qe2 Bd7 {[%emt 0:01:19] [#]} 12. c4 $146 ({Predecessor:} 12. Ne5 Nxe5 13. dxe5 Bc7 14. Nf3 Qe7 15. O-O h5 16. c4 dxc4 17. Be4 c3 18. bxc3 {½-½ (26) Nguyen,V (2352)-Turov,M (2610) Budapest 2018}) 12... Nb4 13. Bb1 dxc4 14. Nxc4 Be7 15. Nce5 Nd5 (15... Qa5 {looks sharper.} 16. O-O Bb5 17. Nc4 Qa6) 16. O-O O-O ({Better is} 16... a6 $11) 17. Qd3 $14 {[%emt 0:00:00][%csl Gb1][%cal Rd3h7] [#]} f5 18. a3 Be8 19. Re1 b5 (19... Rc8 $14) 20. Ba2 Rc8 21. Qe2 {[%emt 0:00:00] White is more active.} Bd6 22. Nd3 {[%emt 0:00:00] Pair of Knights!} Rf6 23. Rac1 Rxc1 24. Rxc1 Bd7 25. Nc5 g5 (25... Kh7 $142 26. Ne5 Be8) 26. Nxd7 (26. Ne5 $142 Bxc5 27. Rxc5) 26... Qxd7 $18 27. Ne5 Qb7 28. Qc2 {[%emt 0:00:00] Threatens to win with Qc6.} Rf8 29. Qc6 (29. Nd3 $18) 29... Qxc6 $16 30. Rxc6 Bxe5 31. dxe5 {[%emt 0:00:00][%mdl 4096] Endgame KRB-KRN} Kf7 32. Rd6 {[%emt 0:00:00] Inhibits Rd8.} (32. Ra6 $16) 32... Rc8 $14 33. Bxd5 exd5 34. Rxd5 {[%emt 0:00:00] KR-KR} Rc1+ 35. Kh2 Rc2 36. Rxb5 {[%emt 0:00:00] f3 is the strong threat.} Rxf2 37. b4 Ke6 38. Ra5 h5 (38... Rb2 $142) 39. Rxa7 $16 Kxe5 40. a4 (40. Ra5+ $142 Ke4 41. b5) 40... Rb2 41. Rb7 (41. Re7+ $16 Kd4 42. Rb7) 41... Ra2 $2 {[%emt 0:09:46] [#] This move loses the game for Black.} (41... f4 $1 $11) 42. a5 $18 Kd6 $2 (42... g4 43. Rb8 Ke4 44. Re8+ Kd3 45. Rd8+ Kc3) 43. Rb5 Ra4 (43... Ke6 $142 44. Rb6+ Kd7) 44. Rxf5 Rxb4 45. Rxg5 h4 46. gxh4 Rxh4+ 47. Kg3 Ra4 48. Kh3 Ke6 49. g4 Kf6 50. Rc5 Ra1 51. Kg2 Ra2+ 52. Kg3 Ra1 53. Kf3 Ra3+ 54. Ke2 Ra4 55. g5+ Ke6 56. Kd3 Kd6 57. Rb5 Kc6 58. Rf5 Rg4 59. a6 Kc7 60. Ra5 {[%emt 0:00:00] Weighted Error Value: White=0.20 (precise) /Black=0.38} 1-0

[Event "FIDE WSCC 65 2022"]
[Site "Assisi"]
[Date "2022.11.23"]
[Round "8.13"]
[White "Mojzis, Jaroslav"]
[Black "Werner, Clemens"]
[Result "0-1"]
[ECO "A31"]
[WhiteElo "2094"]
[BlackElo "2236"]
[Annotator "TA"]
[PlyCount "66"]
[EventDate "2022.11.14"]
[EventType "swiss"]
[EventCountry "ITA"]
[SourceTitle "playchess.com"]
[Source "ChessBase"]
[SourceQuality "1"]
[TimeControl "40/5400+30:1800+30"]

1. Nf3 c5 2. c4 Nc6 3. d4 cxd4 4. Nxd4 Nf6 5. Nc3 d5 6. cxd5 Nxd5 {[%emt 0:00:01] A31: Symmetrical English: 2 Nf3 Nf6 3 d4.} 7. Nxc6 bxc6 8. g3 Nxc3 {[%emt 0:08:26][%csl Gc3][%cal Rd8d1] The position is equal.} 9. Qxd8+ Kxd8 10. bxc3 e5 11. Bg2 Kc7 {[%emt 0:01:32] [#]} 12. O-O $146 (12. Be3 $11 {deserves consideration.}) ({Predecessor:} 12. Be3 Ba6 13. a4 Be7 14. f4 exf4 15. Bxf4+ Bd6 16. O-O Bxf4 17. Rxf4 f6 18. Rg4 {0-1 (45) Pakhteev,Y (2311)-Pugachov,V (2088) Dubna 2008}) 12... Bc5 $15 13. Bb2 (13. Be4 $15) 13... Rb8 $17 14. Rab1 {[%emt 0:01:04] [#]} (14. Bc1 $17) 14... Bf5 $1 $19 15. e4 Be6 16. c4 f6 (16... Bxc4 17. Bxe5+ Bd6 18. Bxd6+ Kxd6 19. Rfd1+ Kc7 20. Rbc1 Bxa2 21. e5 $11) 17. Rfc1 Rhd8 {[%emt 0:08:41] Hoping for ...Rd2.} 18. Bc3 {[%emt 0:11:41] Against Rd2} Rxb1 ({Don't do} 18... Bxc4 19. Ba5+ Bb6 20. Bxb6+ Rxb6 21. Rxb6 axb6 22. Rxc4 $18) 19. Rxb1 Bxc4 20. a4 Bb6 21. Bf1 {[%emt 0:02:37] [#]} Bd3 22. Bxd3 Rxd3 {[%emt 0:00:07][%mdl 4096] Endgame KRB-KRB} 23. Rc1 Bd4 24. Bb4 Rb3 25. Bf8 Rb2 26. Bxg7 Rxf2 {[%emt 0:00:10] ...Rc2+ is the strong threat.} ({Weaker is} 26... Bxf2+ 27. Kh1 $19) 27. Rf1 Re2+ {[%emt 0:04:35] Black is clearly winning.} 28. Kh1 c5 29. Rc1 Rxe4 30. Rc2 f5 31. Kg2 Kc6 32. h3 Kd5 33. Bh6 Re1 {[%emt 0:00:49] Black took control after the opening.   Weighted Error Value: White=0.44/Black=0.02 (flawless)} 0-1

[Event "FIDE WSCC 65 2022"]
[Site "Assisi"]
[Date "2022.11.23"]
[Round "8.14"]
[White "Sideifzade, Fikret"]
[Black "Vogel, Jaap"]
[Result "1/2-1/2"]
[ECO "E01"]
[WhiteElo "2391"]
[BlackElo "2119"]
[Annotator "TA"]
[PlyCount "34"]
[EventDate "2022.11.14"]
[EventType "swiss"]
[EventCountry "ITA"]
[SourceTitle "playchess.com"]
[Source "ChessBase"]
[SourceQuality "1"]
[TimeControl "40/5400+30:1800+30"]

1. d4 e6 2. c4 f5 3. Nc3 Nf6 4. g3 c6 5. Bg2 d5 6. Nf3 Bd6 7. O-O O-O 8. b3 Nbd7 9. Qc2 Ne4 10. Nd2 {[%emt 0:14:40][%cal Rd2e4] E01: Catalan: Early deviations.} Nxc3 11. Qxc3 Qe7 {[%emt 0:00:00] [#]} 12. Bb2 $146 {[%emt 0:04:55] The position is equal.} ({Predecessor:} 12. Nf3 b6 13. Bf4 Bb7 14. Rac1 a5 15. Bxd6 Qxd6 16. Rfd1 Rfe8 17. e3 Rec8 18. Qd2 {½-½ (50) Bekasovs,R (2182)-Tsoi,D (2429) Konya 2018}) 12... b6 13. f3 Bb7 14. e4 (14. f4 $1 $11 {keeps the balance.}) 14... e5 15. exd5 {[%emt 0:21:45] [#]} exd4 {[%emt 0:00:00] Black is better.} (15... cxd5 $6 16. Rae1 $11) 16. Qc2 (16. Qxd4 $2 {is the wrong capture.} Bc5 17. f4 cxd5 $19) 16... Qe3+ ({Don't play} 16... cxd5 $6 17. Rfe1 Qf6 18. f4 $15) 17. Kh1 {[%emt 0:00:28] [#] aiming for f4.} d3 $1 {[%emt 0:00:00] Black took control after the opening.   Weighted Error Value: White=0.27 (precise) /Black=0.10 (very precise)} ({Of course not} 17... cxd5 $6 18. Rfe1 Qf2 19. Rf1 $11) 1/2-1/2

[Event "FIDE WSCC 65 2022"]
[Site "Assisi"]
[Date "2022.11.23"]
[Round "8.15"]
[White "Strutinskaia, Galina"]
[Black "Binham, Timothy F."]
[Result "1/2-1/2"]
[ECO "E10"]
[WhiteElo "2137"]
[BlackElo "2284"]
[Annotator "TA"]
[PlyCount "35"]
[EventDate "2022.11.14"]
[EventType "swiss"]
[EventCountry "ITA"]
[SourceTitle "playchess.com"]
[Source "ChessBase"]
[SourceQuality "1"]
[TimeControl "40/5400+30:1800+30"]

1. d4 Nf6 2. Nf3 c5 3. d5 e6 4. c4 b5 5. Bg5 exd5 6. cxd5 d6 7. a4 {[%emt 0:03:24] E10: Blumenfeld Gambit.} (7. e4 $5) 7... b4 8. Nbd2 Be7 9. Nc4 (9. e4 $11) 9... O-O $15 {[%emt 0:00:24] [#]} 10. e3 $146 ({Predecessor:} 10. Bxf6 Bxf6 11. e4 Ba6 12. Qc2 b3 13. Qxb3 Nd7 14. Nfd2 Rb8 15. Qc2 Bxc4 16. Nxc4 {0-1 (43) Dill,X (2152)-Vonthron,H (2345) Baden 2019}) 10... Nbd7 11. Bd3 Ba6 12. Rc1 h6 ({Don't play} 12... Nxd5 {[#]} 13. Bxh7+ $1 Kxh7 14. Qxd5 $11) 13. Bxf6 Nxf6 14. e4 Re8 15. O-O Bf8 16. Re1 Bb7 17. Nfd2 a5 18. h3 {[%emt 0:02:49] Weighted Error Value: White=0.14 (very precise) /Black=0.13 (very precise)} 1/2-1/2